 Dungeon Crawl Stone Soup version 0.19.5 (webtiles) character file.

4 Gargoyl the Skirmisher (level 1, 0/19 HPs)
             Began as a Ghoul Abyssal Knight on Apr 10, 2017.
             Was an Initiate of Lugonu.
             Slain by a leopard gecko (3 damage)
             ... on level 1 of the Dungeon.
             The game lasted 00:00:41 (201 turns).

Gargoyl the Skirmisher (Ghoul Abyssal Knight)        Turns: 201, Time: 00:00:41

Health: 0/19       AC:  4    Str: 15    XL:     1   Next: 60%
Magic:  1/1        EV: 11    Int:  7    God:    Lugonu [......]
Gold:   8          SH:  0    Dex:  8    Spells: 0 memorised, 0 levels left

rFire  . . .     SeeInvis .     a - +1 hand axe
rCold  + . .     Gourm    .     b - +0 leather armour
rNeg   + + +     Faith    .     (no shield)
rPois  ∞         Spirit   .     (no helmet)
rElec  .         Reflect  .     e - +0 cloak
rCorr  +         Harm     .     (no gloves)
MR     .....                    (no boots)
Stlth  +.........               (no amulet)
                                (no ring)
                                d - ring of resist corrosion

@: rotting
A: rotting body, claws 1, carnivore 3, cold resistance 1, negative energy
resistance 3, slow regeneration 1, torment resistance, unbreathing
a: Renounce Religion


You were on level 1 of the Dungeon.
You worshipped Lugonu.
Lugonu was noncommittal.
You were not hungry.

You visited 1 branch of the dungeon, and saw 1 of its levels.
You visited the Abyss 1 time.

You collected 8 gold pieces.

Inventory:

Hand Weapons
 a - a +1 hand axe (weapon)
Armour
 b - a +0 leather armour (worn)
 e - a +0 cloak (worn)
Jewellery
 d - a ring of resist corrosion (left claw)
Scrolls
 h - a scroll of identify {unknown}
Comestibles
 c - a meat ration
 f - 3 chunks of flesh
 g - a slice of pizza


   Skills:
 + Level 3.4 Fighting
 + Level 2.0 Axes
 * Level 1.7 Armour
 + Level 0.8 Dodging
 * Level 2.0 Invocations


You couldn't memorise any spells.
You didn't know any spells.

Dungeon Overview and Level Annotations

Branches:
Dungeon (1/15)

Altars:


Innate Abilities, Weirdness & Mutations

Your body is rotting away.
You thrive on raw meat.
You are immune to poison.
You have sharp fingernails.
You are carnivorous and can eat meat at any time.
Your flesh is cold resistant. (rC+)
You are immune to negative energy. (rN+++)
You regenerate slowly when monsters are visible.
You are immune to unholy pain and torment.
You can survive without breathing.


Message History

The leopard gecko closely misses you. The jackal barely misses you.
The jackal bites you.
You miss the leopard gecko. You barely miss the jackal. You hit the jackal.
You completely miss the jackal. The jackal bites you.
* * * LOW HITPOINT WARNING * * *
The jackal bites you but does no damage.
The leopard gecko bites you.
* * * LOW HITPOINT WARNING * * *
Unknown command.
You hit the leopard gecko but do no damage.
You hit the jackal. You closely miss the jackal. You hit the jackal.
You barely miss the jackal. The jackal barely misses you. x2
The jackal closely misses you. The leopard gecko bites you.
* * * LOW HITPOINT WARNING * * *
The jackal completely misses you.
The jackal bites you but does no damage.
The jackal closely misses you.
The jackal bites you but does no damage.
The leopard gecko bites you.
You die...

##.....##### ....
.##+#..........# .....
.............#.#......
............#.#......
...........#.#......
###+#..#..(..#.#......
......hh.....#....(...
......l@..####..######
......hh....##).#.....
###+#.................
#.............#...
#..##.........# # #..
##+#......######
#........#..........
##.#######..........
#...................


You could see a leopard gecko and 4 jackals.

Vanquished Creatures
  2 bats (D:1)
  A frilled lizard (D:1)
  2 kobolds (D:1)
5 creatures vanquished.

Notes
Turn   | Place    | Note
-------+----------+-------------------------------------------
     0 | Abyss:1  | Gargoyl the Ghoul Abyssal Knight began the quest for the Orb.
     0 | Abyss:1  | Reached XP level 1. HP: 19/19 MP: 1/1
    68 | Abyss:1  | Noticed a ynoxinul
    75 | D:1      | Escaped the Abyss
   201 | D:1      | Slain by a leopard gecko

Skill      XL: |  1 |
---------------+----+-----
Axes           | 2 |  2.0
Fighting       | |  3.4
Armour         | |  1.7
Dodging        | |  0.8
Invocations    | |  2.0

Action                   || total
-------------------------++-------
Melee: Hand axe          ||    21
Invok: Depart the Abyss  ||     1
  Eat: Chunk             ||     2
Armor: Leather armour    ||    11
Dodge: Dodged            ||    27
